 Dungeon Crawl Stone Soup version 0.27.1-3-gb3d3a73c9e (webtiles) character file.

Game seed: 13066022163148503333

21 ptdevnull the Stinger (level 2, -4/13 HPs)
             Began as a Spriggan Venom Mage on Oct 10, 2021.
             Frozen to death by an endoplasm (5 damage)
             ... on level 1 of the Dungeon.
             The game lasted 00:03:13 (721 turns).

ptdevnull the Stinger (Spriggan Venom Mage)          Turns: 721, Time: 00:03:13

Health: -4/13      AC:  2    Str:  4    XL:     2   Next: 65%
Magic:  7/7        EV: 17    Int: 16    God:
Gold:   14         SH:  0    Dex: 15    Spells: 4/7 levels left

rFire    . . .     SeeInvis +   (weapon restricted)
rCold    . . .     Faith    .   (shield restricted)
rNeg     . . .     Spirit   .   a - +0 robe
rPois    .         Reflect  .   (helmet restricted)
rElec    .         Harm     .   (no cloak)
rCorr    .         Rampage  .   (gloves unavailable)
Will     .....                  (boots unavailable)
Stlth    ++........             (no amulet)
HPRegen  0.04/turn              (no ring)
MPRegen  0.10/turn              (no ring)

@: very quick
A: very small, no large weapons, unfitting armour, see invisible, speed 3
a: no special abilities


You were on level 1 of the Dungeon.
You visited 1 branch of the dungeon, and saw 1 of its levels.

You collected 14 gold pieces.

Inventory:

Missiles
 b - 19 stones
Armour
 a - a +0 robe (worn)
Jewellery
 f - a ring of fire
Scrolls
 d - a scroll of identify {unknown}
Potions
 c - a potion of heal wounds {unknown}
 e - a potion of invisibility {unknown}


   Skills:
 - Level 2.6 Dodging
 - Level 3.1 Stealth
 + Level 3.2 Spellcasting
 + Level 2.3 Transmutations
 + Level 3.3 Poison Magic


You had 4 spell levels left.
You knew the following spells:

 Your Spells              Type           Power      Damage    Failure   Level
a - Sting                 Tmut/Pois      44%        1d5       6%          1
b - Poisonous Vapours     Pois/Air       14%        N/A       14%         2

Your spell library contained the following spells:

 Spells                   Type           Power      Damage    Failure   Level
 Mephitic Cloud           Conj/Pois/Air  6%         N/A       34%         3
 Olgreb's Toxic Radiance  Pois           13%        N/A       43%         4


Dungeon Overview and Level Annotations

Branches:
Dungeon (1/15)

Altars:


Innate Abilities, Weirdness & Mutations

You are very small and have problems with some larger weapons.
You are too small for most types of armour.
You have supernaturally acute eyesight. (SInv)
You cover ground extremely quickly. (Speed+++)


Message History

Found a spear.
You see here a +0 spear.
There is an open door here.
You enter the shallow water.
Moving in this stuff is going to be slow.
Things that are here:
a +0 club; a goblin corpse A giant cockroach comes into view.
Aiming: Sting (safe; 6% risk of failure)
Press: ? - help, Q - select action, (/) - cycle Shift-Dir - straight line, f - giant cockroach
Aim: a giant cockroach (asleep, 100% to hit)
The sting hits the giant cockroach.
The giant cockroach is poisoned.
The giant cockroach is heavily wounded.
You kill the giant cockroach!
An endoplasm comes into view.
The endoplasm quivers.
The endoplasm freezes you.
You are frozen.
The endoplasm hits you. The endoplasm misses you. The endoplasm freezes you.
You are frozen.
The endoplasm freezes you.
You are frozen.
The endoplasm freezes you.
You are frozen.
The endoplasm freezes you.
You are frozen.
The endoplasm barely misses you. The endoplasm closely misses you.
The endoplasm completely misses you. The endoplasm barely misses you.
The endoplasm hits you.
* * * LOW HITPOINT WARNING * * *
The endoplasm freezes you.
You are frozen.
* * * LOW HITPOINT WARNING * * *
The endoplasm freezes you.
You are frozen.
You die...

......+.....#.........#...#.##
## ...#†##.....#
#P###.###..###.# #.
.....#####..#P.P. .P. #..#
#.###. ...### #..###P# #.#
##.#.# ...# #..#..P...P. #...#
...# ..#.#.#P .# # ##'## ...#
.#..P. .. #...# ##.# #
###.###P### #...# #.#
#.#...@J....# #.8.# #.#
#............. #.⌠.# #.#
####.######### #.8.# ##.#
#.#### #...#
...###########....# #...#
..#.†.............# ##'##
..#...............# #...#
..#..####++####...# ##.#.#
..#..###....###...# #.###.


You could see an endoplasm.

Vanquished Creatures
  A bat (D:1)
  3 giant cockroaches (D:1)
  A goblin (D:1)
  3 hobgoblins (D:1)
  A kobold (D:1)
  3 quokkas (D:1)
  3 ball pythons (D:1)
  2 frilled lizards (D:1)
  A rat (D:1)
18 creatures vanquished.

Notes
Turn   | Place    | Note
-------+----------+-------------------------------------------
     0 | D:1      | ptdevnull the Spriggan Venom Mage began the quest for the
                  | Orb.
     0 | D:1      | Reached XP level 1. HP: 9/9 MP: 5/5
   286 | D:1      | Reached XP level 2. HP: 13/13 MP: 4/7
   298 | D:1      | Learned a level 2 spell: Poisonous Vapours
   721 | D:1      | Frozen to death by an endoplasm

Illustrated notes

Levels and vault maps discovered:
D:1:      dpeg_arrival_refuge, layout_basic,
          shapermc_ecumenical_altar_mp_urbaneastern, grunt_decor_clamped,
          chequers_serial_rivers_micro_a

Skill      XL: |  1  2 |
---------------+-------+-----
Spellcasting   | 3 |  3.2
Transmutations | 2 |  2.3
Dodging        | |  2.6
Stealth        | |  3.1
Poison Magic   | |  3.3

Action                   || total
-------------------------++-------
Melee: Unarmed           ||     8
 Cast: Sting             ||    27
       Poisonous Vapours ||     2
Dodge: Dodged            ||    14
